 Dungeon Crawl Stone Soup version 0.30-a0-1157-g2cc9ac7196 (webtiles) character file.

Game seed: 3668065634879784549

15176 Sobieck the Brawler (level 11, -1/117 HPs)
             Began as a Troll Fighter on Apr 24, 2023.
             Was an Elder of Wu Jian.
             Slain by a skeletal warrior
             ... wielding a +0 hand axe
              (15 damage)
             ... on level 12 of the Dungeon.
             The game lasted 00:16:22 (9555 turns).

Sobieck the Brawler (Troll Fighter)                 Turns: 9555, Time: 00:16:23

Health: -1/117     AC:  9    Str: 30    XL:     11   Next: 98%
Magic:  10/10      EV:  8    Int:  6    God:    Wu Jian [****..]
Gold:   564        SH: 13    Dex:  9    Spells: 10/10 levels left

rFire   . .          .
                       - Unarmed
rCold   . . .        e - +6 kite shield "Nuops" {rN+ Int+2}
rNeg    + . .        f - +0 troll leather armour
rPois   .            (helmet restricted)
rElec   .            F - +2 cloak of the Thief {*Fog Slay-2 SInv Stlth+}
rCorr   .            (gloves unavailable)
SInv    +            (boots unavailable)
Will    .....        (no amulet)
Stlth   ++           (no ring)
HPRegen 1.99/turn    (no ring)
MPRegen 0.12/turn

%: no passive effects
@: no status effects
A: large, unfitting armour, claws 3, regeneration 1, shaggy fur 1, tough skin 1
a: Renounce Religion, Wall Jump, Serpent's Lash


You were on level 12 of the Dungeon.
You worshipped Wu Jian.
Wu Jian was greatly pleased with you.
You visited 2 branches of the dungeon, and saw 13 of its levels.
You also visited: Sewer.

You collected 564 gold pieces.


Innate Abilities, Weirdness & Mutations

You are too large for most types of armour.
You have claws for hands.
Your natural rate of healing is unusually fast.
You are covered in fur. (AC +1)
You have tough skin. (AC +1)


   Skills:
 + Level 10.0 Fighting
 - Level 2.4 Dodging
 - Level 2.6 Shields
 + Level 15.8 Unarmed Combat


You had 10 spell levels left.
You didn't know any spells.
Your spell library contained the following spells:

 Spells                   Type           Power      Damage    Failure   Level
 Slow                     Hex            0%         N/A       73%         1
 Confusing Touch          Hex            0%         N/A       97%         3
 Hailstorm                Conj/Ice       0%         3d3       97%         3
 Stone Arrow              Conj/Erth      0%         3d7       97%         3
 Vampiric Draining        Necr           0%         2d6       97%         3
 Anguish                  Hex/Necr       0%         N/A       100%        4
 Animate Armour           Summ/Erth      0%         N/A       100%        4
 Cause Fear               Hex            0%         N/A       100%        4
 Ice Form                 Ice/Tmut       0%         N/A       100%        4
 Simulacrum               Ice/Necr       0%         N/A       100%        6
 Enfeeble                 Hex            0%         N/A       100%        7
 Lehudib's Crystal Spear  Conj/Erth      0%         10d2      100%        8

Inventory:

Missiles
 v - 65 poisoned darts {throwing}
 E - 8 boomerangs {throwing}
 H - 5 boomerangs of dispersal {=f!fthrowing}
 K - 7 large rocks (quivered) {=fthrowing}
 T - 2 silver javelins {throwing}
 V - 4 curare-tipped darts {=fthrowing}
Armour
 e - the +6 kite shield "Nuops" (worn) {rN+ Int+2}
   (You acquired it on level 4 of the Dungeon)

   Int:       It affects your intelligence (+2).
   rN:        It protects you from negative energy.
 f - a +0 troll leather armour (worn)
   (You found it on level 11 of the Dungeon)
 s - a +0 robe
   (You found it on level 1 of the Dungeon)
 w - a +0 robe
   (You took it off a gnoll bouda on level 7 of the Dungeon)
 y - a +0 robe
   (You found it on level 5 of the Dungeon)
 F - the +2 cloak of the Thief (worn) {*Fog Slay-2 SInv Stlth+}
   (You found it on level 3 of the Dungeon)

   *Fog:      It may release a thick cloud of smoke when the wearer is hurt.
   Slay:      It affects your accuracy & damage with ranged weapons and melee
   (-2).
   SInv:      It lets you see invisible.
   Stlth:     It makes you more stealthy.
 L - a +0 robe
   (You took it off an orc wizard on level 6 of the Dungeon)
 M - +0 steam dragon scales
   (You found it on level 6 of the Dungeon)
 N - a +0 robe
   (You took it off an orc wizard on level 6 of the Dungeon)
 Q - a +0 robe
   (You took it off an orc wizard on level 6 of the Dungeon)
 R - a +0 robe
   (You took it off an orc wizard on level 6 of the Dungeon)
 S - a +0 robe
   (You found it on level 7 of the Dungeon)
 U - a +0 robe
   (You took it off an orc wizard on level 8 of the Dungeon)
 W - the +5 robe of Misfortune {Harm *Corrode *Slow EV+5}
   (You found it on level 7 of the Dungeon)

   EV:        It affects your evasion (+5).
   *Corrode:  It may corrode you when you take damage.
   *Slow:     It may slow you when you take damage.
   Harm:      It increases damage dealt and taken.
 Y - a +0 robe
   (You took it off a wight on level 9 of the Dungeon)
 Z - a +0 robe
   (You took it off a wight on level 9 of the Dungeon)
Jewellery
 g - a +6 ring of intelligence
   (You found it on level 10 of the Dungeon)
 q - a ring of magical power
   (You found it on level 9 of the Dungeon)
Wands
 x - a wand of paralysis (8)
   (You found it on level 4 of the Dungeon)
 I - a wand of iceblast (11)
   (You found it on level 5 of the Dungeon)
 J - a wand of acid (14)
   (You found it on level 5 of the Dungeon)
Scrolls
 b - a scroll of torment {!r}
 h - a scroll of vulnerability {!r!r}
 k - 4 scrolls of brand weapon
 n - 2 scrolls of poison {!r}
 p - 3 scrolls of blinking {!r}
 t - 2 scrolls of immolation {!r!r}
 G - 2 scrolls of fear
 X - 3 scrolls of enchant weapon
Potions
 c - 2 potions of might
 d - 8 potions of curing {@q1}
 i - a potion of cancellation
 j - a potion of magic
 l - 2 potions of attraction {!q}
 m - a potion of lignification {!q}
 o - 2 potions of brilliance
 r - a potion of haste {unknown}
 u - 2 potions of degeneration {!q@e2}
 z - a potion of mutation {!q}
 A - 3 potions of invisibility
 B - 5 potions of heal wounds {@q2}
 C - 2 potions of resistance
 D - a potion of experience {unknown}
 O - a potion of ambrosia {unknown}
 P - 2 potions of berserk rage {!q}
Miscellaneous
 a - a piece from Xom's chessboard (15/15)
   (You found it on level 9 of the Dungeon)

Dungeon Overview and Level Annotations

Branches:
Dungeon (12/15) Zot: 26893  Temple (1/1) D:5 Zot: 5909    Lair (0/5) D:11
    Orc (0/2) D:11          Sewer (visited)

Altars:
Ashenzari
Cheibriados
Dithmenos
Elyvilon
Fedhas
Gozag
Hepliaklqana
Kikubaaqudgha
Makhleb
Nemelex Xobeh
Okawaru
Qazlal
Ru
Sif Muna
Trog
Uskayaw
Vehumet
Wu Jian
Xom
Yredelemnul
Zin
The Shining One

Shops:
D:11

([
......##.###......#≈...
........#.#.#.....######
.......#........###
.......#§§§####...
.......#§§## #....
.......##§# ...
......§##§##
......§§§§§# ...##§@§.##
.....§z§§.#
.....§§##.... .......
###...# ....... .##
..<.... # .......
..#....


You could see a skeletal warrior.


Message History

The deep elf pyromancer blinks!
Unknown command.
The deep elf pyromancer gestures wildly while chanting.
The deep elf pyromancer blinks!
Unknown command.
Unknown command.
A deep elf pyromancer is nearby!
Danger!
You throw a large rock {=fthrowing}.
The large rock {=fthrowing} hits the deep elf pyromancer!!
You kill the deep elf pyromancer!
The Council accepts your kill.
Unknown command.
X - 3 scrolls of enchant weapon (gained 2)
A two-headed ogre comes into view. It is wielding two +0 giant clubs.
Danger!
You throw a large rock {=fthrowing}.
The large rock {=fthrowing} barely misses the two-headed ogre.
The two-headed ogre shouts in stereo!
You throw a large rock {=fthrowing}.
The large rock {=fthrowing} hits the two-headed ogre!!
The two-headed ogre hits you with a +0 giant club.
The two-headed ogre hits you with a +0 giant club!
With a swish of your cloak, you release a cloud of fog.
You mangle the two-headed ogre!!
The two-headed ogre hits you with a +0 giant club!!
The two-headed ogre barely misses you.
You are too injured to fight recklessly!
You are too injured to fight recklessly!
You are too injured to fight recklessly!
You claw the two-headed ogre!
You kill the two-headed ogre!
The Council accepts your kill.
Things that are here:
a +0 giant club {mace}; a +0 giant club {mace}
K - 5 large rocks {=fthrowing} (gained 1)
Things that are here:
a +0 long sword {long}; a +0 leather armour
K - 6 large rocks {=fthrowing} (gained 1)
K - 7 large rocks {=fthrowing} (gained 1)
You start resting.
Unknown command.
Unknown command.
You open the door.
There is an open door here.
Your pack is full.
You see here a scroll of identify {@r1}.
Unknown command.
As you read the scroll of identify {@r1}, it crumbles to dust.
j - a potion of magic A skeletal warrior comes into view.
It is wielding a +0 trident.
Danger!
A skeletal warrior is nearby!
Unknown command.
Found a stone staircase leading up.
You lunge at the skeletal warrior.
You scratch the skeletal warrior but do no damage.
The skeletal warrior hits you with a +0 trident!
You mangle the skeletal warrior!!
The skeletal warrior hits you with a +0 trident!!
With a swish of your cloak, you release a cloud of fog.
You barely miss the skeletal warrior.
The skeletal warrior hits you with a +0 trident!
Unknown command.
You mangle the skeletal warrior!! You closely miss the skeletal warrior.
The skeletal warrior hits you with a +0 trident!
You claw the skeletal warrior!
The skeletal warrior hits you with a +0 trident!!
* * * LOW HITPOINT WARNING * * *
With a swish of your cloak, you release a cloud of fog.
You mangle the skeletal warrior!!
You destroy the skeletal warrior!
The Council accepts your kill.
Your Fighting skill increases to level 10!
Unknown command.
A skeletal warrior comes into view. It is wielding a +0 hand axe.
You see here a +0 trident {polearm}.
Danger!
You claw the skeletal warrior!
The skeletal warrior hits you with a +0 hand axe!
* * * LOW HITPOINT WARNING * * *
You claw the skeletal warrior! You claw the skeletal warrior!
You block the skeletal warrior's attack.
You claw the skeletal warrior!
The skeletal warrior hits you with a +0 hand axe!!
* * * LOW HITPOINT WARNING * * *
You closely miss the skeletal warrior.
The skeletal warrior hits you with a +0 hand axe!
* * * LOW HITPOINT WARNING * * *
You barely miss the skeletal warrior.
The skeletal warrior hits you with a +0 hand axe!
* * * LOW HITPOINT WARNING * * *
With a swish of your cloak, you release a cloud of fog.
Unknown command.
You scratch the skeletal warrior.
Unknown command.
You claw the skeletal warrior!
The skeletal warrior hits you with a +0 hand axe!
You die...

Skill      XL: |  1  2  3  4  5  6  7  8  9 10 11 |
---------------+----------------------------------+-----
Unarmed Combat | 3 4 5 6 7 9 12 13 15 | 15.8
Fighting       | 3 4 5 6 7 8 10 | 10.0
Dodging        | |  2.4
Shields        | |  2.6

Action                     |  1- 3 |  4- 6 |  7- 9 | 10-12 || total
---------------------------+-------+-------+-------+-------++-------
  Melee: Unarmed           |    95 |   162 |   243 |   335 ||   835
  Throw: Stone             |       |       |       |     1 ||     1
         Dart              |       |       |       |     3 ||     3
         Large rock        |       |       |       |     3 ||     3
Ability: Lunge             |       |       |    14 |    24 ||    38
         Whirlwind         |       |       |     3 |    63 ||    66
         Wall Jump         |       |       |       |     8 ||     8
    Use: Scroll            |       |    12 |    10 |     6 ||    28
   Stab: Sleeping          |       |       |     5 |     2 ||     7
         Distracted        |       |       |     1 |       ||     1
 Armour: Robe              |    31 |    43 |    12 |       ||    86
         Steam dragon scal |       |       |    51 |    66 ||   117
  Dodge: Dodged            |    45 |    48 |    60 |    66 ||   219
  Block: Kite shield       |    39 |    91 |   146 |   153 ||   429

Levels and vault maps discovered:
D:1:      saegor_arrival_simple_e, layout_rooms
D:2:      layout_loops_corners, shapermc_ecumenical_altar_acropolis,
          serial_forest, infiniplex_forest_lined_room_3, infiniplex_forest_pool,
          infiniplex_forest_clump_diagonal, infiniplex_forest_pool,
          infiniplex_forest_lined_corner, infiniplex_forest_lined_3,
          infiniplex_forest_clump_C, infiniplex_forest_split,
          infiniplex_forest_diagonal
D:3:      layout_basic, mainiacjoe_overflow_tiny_flanked,
          nicolae_yredelemnul_corpse_copse, old_standard_altar,
          gup_sewer_entry_bubbles
D:4:      layout_cave_pools, nemelex_diamond_rough_becter,
          hangedman_decor_opposing, minmay_misc_feat_diagonals
D:5:      layout_loops_corners, minmay_temple_entry_overgrown
D:6:      minmay_chambers_of_threes, layout_loops_ring, chei_slow_surprise,
          serial_rivers, chequers_serial_rivers_micro_a,
          chequers_serial_rivers_micro_d, chequers_serial_rivers_micro_a,
          chequers_serial_rivers_room_a, chequers_serial_rivers_large_b,
          nrook_mini_vaults, uniq_grinder
D:7:      layout_cave_pools, grunt_dithmenos_shadows, lemuel_round_altar,
          minivault_22
D:8:      layout_loops_ring, mainiacjoe_overflow_cross_hatched,
          nicolae_fountain_basement
D:9:      layout_cave_pods, minitemple, lemuel_coloured_pillars_altar,
          uniq_maurice
D:10:     layout_rooms
D:11:     layout_long_grid, david_lair_generic, orc_david_3, uniq_amaemon
D:12:     layout_cave_pools, serial_rivers, chequers_serial_rivers_room_a,
          chequers_serial_rivers_room_b, chequers_serial_rivers_room_b,
          chequers_serial_rivers_micro_c, chequers_serial_rivers_micro_b,
          kennysheep_potato
Temple:   eino_wide_crystal_templ

Notes
Turn   | Place    | Note
-------+----------+-------------------------------------------
     0 | D:1      | Sobieck the Troll Fighter began the quest for the Orb.
     0 | D:1      | Reached XP level 1. HP: 22/22 MP: 0/0
    85 | D:1      | You fall into a shaft and drop 1 floor!
   208 | D:2      | Reached XP level 2. HP: 29/29 MP: 1/1
   868 | D:1      | Reached skill level 3 in Unarmed Combat
  1194 | D:2      | Reached XP level 3. HP: 33/36 MP: 2/2
  1226 | D:2      | You pick up a book of Armaments and begin reading...
  1226 | D:2      | You add the spells Stone Arrow, Animate Armour and
                  | Lehudib's Crystal Spear to your library.
  1359 | D:2      | Found a faded altar of an unknown god.
  2014 | D:3      | Found a glowing drain.
  2033 | Sewer    | Entered a sewer
  2051 | Sewer    | Noticed a kobold brigand
  2051 | Sewer    | Noticed a kobold brigand
  2058 | Sewer    | Killed a kobold brigand
  2059 | Sewer    | Reached skill level 3 in Fighting
  2059 | Sewer    | Reached skill level 4 in Unarmed Combat
  2059 | Sewer    | Reached XP level 4. HP: 29/45 MP: 3/3
  2062 | Sewer    | Killed a kobold brigand
  2063 | Sewer    | Reached XP level 5. HP: 29/53 MP: 4/4
  2174 | Sewer    | Reached skill level 5 in Unarmed Combat
  2190 | Sewer    | Reached XP level 6. HP: 58/62 MP: 5/5
  2458 | D:3      | Found a basalt altar of Yredelemnul.
  2487 | D:3      | Found the +2 cloak of the Thief {*Fog Slay-2 SInv Stlth+}
  2560 | D:3      | Found a white marble altar of Elyvilon.
  2641 | D:3      | Found a bloodstained altar of Trog.
  2983 | D:4      | Identified a scroll of acquirement
  2983 | D:4      | Acquired the +6 kite shield "Nuops" {rN+ Int+2}
  3022 | D:4      | Reached skill level 4 in Fighting
  3110 | D:4      | Reached skill level 6 in Unarmed Combat
  3203 | D:4      | Found a sparkling altar of Nemelex Xobeh.
  3250 | D:4      | Reached XP level 7. HP: 70/71 MP: 6/6
  3272 | D:4      | Reached skill level 7 in Unarmed Combat
  3650 | D:5      | Entered Level 5 of the Dungeon
  3650 | D:5      | Found a staircase to the Ecumenical Temple.
  3668 | D:6      | Reached skill level 5 in Fighting
  3682 | Temple   | Entered the Ecumenical Temple
  3748 | Temple   | Became a worshipper of the Wu Jian Council
  3913 | D:5      | Reached XP level 8. HP: 79/80 MP: 7/7
  3932 | D:5      | Reached skill level 8 in Unarmed Combat
  4863 | D:6      | Noticed Grinder
  4890 | D:6      | Killed Grinder
  4891 | D:6      | Reached skill level 9 in Unarmed Combat
  4956 | D:6      | Reached skill level 6 in Fighting
  5045 | D:6      | Reached XP level 9. HP: 89/89 MP: 8/8
  5047 | D:6      | Reached * piety under Wu Jian
  5060 | D:6      | Reached skill level 10 in Unarmed Combat
  5465 | D:7      | Noticed a gargoyle
  5472 | D:7      | Killed a gargoyle
  5473 | D:7      | Reached skill level 11 in Unarmed Combat
  5540 | D:7      | You pick up a book of the Tundra and begin reading...
  5540 | D:7      | You add the spells Hailstorm, Ice Form and Simulacrum to
                  | your library.
  5563 | D:7      | Reached skill level 7 in Fighting
  5684 | D:6      | Reached ** piety under Wu Jian
  5719 | D:6      | You pick up a book of Debilitation and begin reading...
  5719 | D:6      | You add the spells Slow, Vampiric Draining and Confusing
                  | Touch to your library.
  5879 | D:6      | Found a snail-covered altar of Cheibriados.
  5944 | D:7      | Found a shadowy altar of Dithmenos.
  5999 | D:7      | Found the +5 robe of Misfortune {Harm *Corrode *Slow EV+5}
  6051 | D:7      | Found a shimmering altar of Xom.
  6125 | D:7      | You pick up a book of Hexes and begin reading...
  6125 | D:7      | You add the spells Anguish, Cause Fear and Enfeeble to your
                  | library.
  6331 | D:8      | Reached skill level 12 in Unarmed Combat
  6331 | D:8      | Reached XP level 10. HP: 66/102 MP: 9/9
  6353 | D:8      | HP: 25/102 [acid (2)]
  6854 | D:8      | Found a hide-covered altar of Uskayaw.
  6934 | D:8      | Reached skill level 8 in Fighting
  6950 | D:8      | Reached skill level 13 in Unarmed Combat
  6957 | D:8      | Reached *** piety under Wu Jian
  7024 | D:9      | Found a glowing silver altar of Zin.
  7132 | D:9      | Noticed Maurice
  7147 | D:9      | Paralysed by Maurice for 2 turns
  7158 | D:9      | Paralysed by Maurice for 2 turns
  7161 | D:9      | Killed Maurice
  7402 | D:9      | Reached XP level 11. HP: 102/113 MP: 10/10
  7655 | D:9      | Found an ancient bone altar of Kikubaaqudgha.
  7655 | D:9      | Found a shimmering blue altar of Sif Muna.
  7658 | D:9      | Found a broken altar of Ashenzari.
  7730 | D:9      | Reached skill level 14 in Unarmed Combat
  7732 | D:9      | Reached **** piety under Wu Jian
  7958 | D:10     | Entered Level 10 of the Dungeon
  8087 | D:10     | Reached skill level 9 in Fighting
  8516 | D:11     | Noticed a two-headed ogre
  8522 | D:11     | Killed a two-headed ogre
  8713 | D:11     | Found a staircase to the Lair.
  8734 | D:11     | Reached skill level 15 in Unarmed Combat
  8778 | D:11     | Found Azevor's Armour Emporium.
  8779 | D:11     | Found a staircase to the Orcish Mines.
  8779 | D:11     | Found Tilytufa's Weapon Emporium.
  8784 | D:11     | Noticed a boulder beetle
  8808 | D:11     | Killed a boulder beetle
  8900 | D:11     | Noticed Amaemon
  8909 | D:11     | Killed Amaemon
  8972 | D:11     | You pick up a book of Maledictions and begin reading...
  9043 | D:11     | Identified the +4 spear "Gezac" {heavy, Drain rC+++ rCorr
                  | Str-3}
  9459 | D:12     | Noticed a deep elf pyromancer
  9468 | D:12     | Killed a deep elf pyromancer
  9482 | D:12     | Noticed a two-headed ogre
  9486 | D:12     | Killed a two-headed ogre
  9532 | D:12     | Noticed a skeletal warrior
  9544 | D:12     | Killed a skeletal warrior
  9545 | D:12     | Reached skill level 10 in Fighting
  9545 | D:12     | Noticed a skeletal warrior
  9552 | D:12     | HP: 23/117 [skeletal warrior/+0 hand axe (12)]
  9553 | D:12     | HP: 11/117 [skeletal warrior/+0 hand axe (14)]
  9555 | D:12     | Slain by a skeletal warrior

Vanquished Creatures
  2 two-headed ogres
  A boulder beetle (D:11)
  Amaemon (D:11)
  A skeletal warrior (D:12)
  A deep elf pyromancer (D:12)
  A cyclops (D:12)
  Maurice (D:9)
  An orange demon (D:11)
  An elephant (D:11)
  A gargoyle (D:7)
  2 trolls
  A hornet (D:8)
  Grinder (D:6)
  2 wyverns
  A wraith (D:11)
  27 yaks
  A basilisk (D:11)
  A steam dragon (D:6)
  2 vampire mosquitoes (D:10)
  4 orc warriors
  2 sky beasts
  4 black bears
  5 ice beasts
  6 ogres
  3 centaurs
  A phantom (D:6)
  6 kobold brigands
  3 bullfrogs
  A gnoll sergeant (D:11)
  3 scorpions
  3 wights (D:9)
  7 killer bees
  3 howler monkeys (D:9)
  3 jellies
  4 orc priests
  A gnoll bouda (D:7)
  4 hounds
  4 iguanas
  9 orc wizards
  A hound zombie (D:3)
  10 adders
  12 gnolls
  3 shadow imps
  6 white imps
  2 ufetubi
  A worm (D:3)
  2 dart slugs
  27 orcs
  5 bats
  7 endoplasms
  2 giant cockroaches (D:3)
  3 goblins
  6 hobgoblins
  6 jackals
  5 quokkas
  4 ball pythons
  A frilled lizard (Sewer)
  A giant cockroach zombie (D:3)
  32 kobolds
  A quokka zombie (D:3)
  11 rats
273 creatures vanquished.

Vanquished Creatures (others)
  A plant (D:11)
1 creature vanquished.

Grand Total: 274 creatures vanquished

Table legend:
 A = Non-vault XP
 B = Vault XP
 C = Vault XP percentage of total XP
 D = Non-vault monster count
 E = Vault monster count
 F = Vault count percentage of total count
                 A         B        C        D         E       F
            +---------+---------+-------+---------+---------+-------
      Total |   17296 |    4384 |  20.2 |     205 |      68 |  24.9
            +---------+---------+-------+---------+---------+-------
        D:1 |      14 |       0 |   0.0 |       8 |       0 |   0.0
        D:2 |      36 |       0 |   0.0 |      14 |       0 |   0.0
        D:3 |      56 |      35 |  38.5 |      17 |       9 |  34.6
        D:4 |     682 |       0 |   0.0 |      25 |       0 |   0.0
        D:5 |     660 |       0 |   0.0 |      10 |       0 |   0.0
        D:6 |    1230 |    1222 |  49.8 |      25 |      13 |  34.2
        D:7 |    1154 |      12 |   1.0 |      18 |       1 |   5.3
        D:8 |    3076 |       0 |   0.0 |      26 |       0 |   0.0
        D:9 |    2459 |     449 |  15.4 |      29 |       1 |   3.3
       D:10 |    2810 |       0 |   0.0 |      17 |       0 |   0.0
       D:11 |    2310 |    2310 |  50.0 |      11 |      14 |  56.0
       D:12 |    2809 |       0 |   0.0 |       5 |       0 |   0.0
      Sewer |       0 |     356 | 100.0 |       0 |      30 | 100.0
            +---------+---------+-------+---------+---------+-------

Skill      XL: |  1  2  3  4  5  6  7  8  9 10 11 |
---------------+----------------------------------+-----
Unarmed Combat | 3 4 5 6 7 9 12 13 15 | 15.8
Fighting       | 3 4 5 6 7 8 10 | 10.0
Dodging        | |  2.4
Shields        | |  2.6

Action                     |  1- 3 |  4- 6 |  7- 9 | 10-12 || total
---------------------------+-------+-------+-------+-------++-------
  Melee: Unarmed           |    95 |   162 |   243 |   335 ||   835
  Throw: Stone             |       |       |       |     1 ||     1
         Dart              |       |       |       |     3 ||     3
         Large rock        |       |       |       |     3 ||     3
Ability: Lunge             |       |       |    14 |    24 ||    38
         Whirlwind         |       |       |     3 |    63 ||    66
         Wall Jump         |       |       |       |     8 ||     8
    Use: Scroll            |       |    12 |    10 |     6 ||    28
   Stab: Sleeping          |       |       |     5 |     2 ||     7
         Distracted        |       |       |     1 |       ||     1
 Armour: Robe              |    31 |    43 |    12 |       ||    86
         Steam dragon scal |       |       |    51 |    66 ||   117
  Dodge: Dodged            |    45 |    48 |    60 |    66 ||   219
  Block: Kite shield       |    39 |    91 |   146 |   153 ||   429

Illustrated notes

Table legend:
 A = Kills in this place as a percentage of kills in the entire game.
 B = Kills by you in this place as a percentage of kills by you in the entire game.
 C = Kills by friends in this place as a percentage of kills by friends in the entire game.
 D = Other kills in this place as a percentage of other kills in the entire game.
 E = Experience gained in this place as a percentage of experience gained in the entire game.
 F = Experience gained in this place divided by the number of levels of this place that you have seen.
                   A       B       C       D       E      F
               +-------+-------+-------+-------+-------+----------------------
         Total | 100.0 | 100.0 |   N/A |   N/A | 100.0 | 1548.6
       Dungeon |  89.0 |  89.0 |   N/A |   N/A |  98.4 | 1777.0
         Sewer |  11.0 |  11.0 |   N/A |   N/A |   1.6 | 356.0
               +-------+-------+-------+-------+-------+----------------------

Table legend: (Time is in decaauts)
 A = Elapsed time spent in this place.
 B = Non-inter-level travel time spent in this place.
 C = Inter-level travel time spent in this place.
 D = Time resting spent in this place.
 E = Time spent auto-exploring this place.
 F = Levels seen in this place.
 G = Mean time per level.
                   A        B        C        D        E       F      G
               +--------+--------+--------+--------+--------+-----+--------+
         Total |   9540 |   9183 |    357 |    271 |   7223 |  14 |  681.4 |
       Dungeon |   9143 |   8810 |    333 |    271 |   7017 |  12 |  761.9 |
        Temple |     90 |     66 |     24 |      0 |     51 |   1 |   90.0 |
         Sewer |    306 |    306 |      0 |      0 |    155 |   1 |  306.0 |
               +--------+--------+--------+--------+--------+-----+--------+

Top non-repeatable levels by time:
     D:2: 1339 daAuts
     D:6: 1079 daAuts
     D:9: 974 daAuts
    D:11: 938 daAuts
     D:5: 923 daAuts
     D:3: 819 daAuts
     D:8: 730 daAuts
     D:4: 669 daAuts
    D:10: 557 daAuts
     D:1: 521 daAuts
     D:7: 483 daAuts
   Sewer: 306 daAuts
    D:12: 105 daAuts
  Temple: 90 daAuts
